 Dungeon Crawl Stone Soup version 0.30-a0-748-ge6a52f7cba (webtiles) character file.

Game seed: 13218904303993017112

1904 sanka the Basher (level 9, -2/79 (81) HPs)
             Began as an Ogre Gladiator on Feb 8, 2023.
             Was an Initiate of Okawaru.
             Slain by a hornet (6 damage)
             ... while paralysed by a hornet
             ... on level 7 of the Dungeon.
             The game lasted 00:09:58 (6816 turns).

sanka the Basher (Ogre Gladiator)                   Turns: 6816, Time: 00:09:59

HP:   -2/79 (81)    AC: 10    Str: 24    XL:     9   Next: 15%
MP:   9/9           EV:  1    Int:  9    God:    Okawaru [......]
Gold: 565           SH:  0    Dex: 10    Spells: 8/8 levels left

rFire   . . .      SeeInvis .    y - +0 giant club
rCold   + . .      Faith    .    (shield currently unavailable)
rNeg    + . .      Spirit   .    p - +0 robe {rC+}
rPois   .          Reflect  .    c - +0 hat
rElec   .          Harm     .    r - +2 cloak
rCorr   .          Rampage  .    (gloves unavailable)
Will    .....                    (boots unavailable)
Stlth   +                        (no amulet)
HPRegen 0.33/turn                q - +4 ring of protection
MPRegen 0.11/turn                f - ring of positive energy

@: paralysed, lethally poisoned (-2 -> -13), weak-willed, flying, slowed,
lightly drained
A: large, unfitting armour, tough skin 1
a: Renounce Religion


You were on level 7 of the Dungeon.
You worshipped Okawaru.
Okawaru was noncommittal.
You visited 2 branches of the dungeon, and saw 8 of its levels.

You collected 565 gold pieces.


Innate Abilities, Weirdness & Mutations

You are too large for most types of armour.
You have tough skin. (AC +1)


   Skills:
 - Level 3.0 Fighting
 + Level 11.0 Maces & Flails
 - Level 2.0 Throwing
 - Level 2.6 Dodging


You had 8 spell levels left.
You didn't know any spells.
Your spell library contained the following spells:

 Spells                   Type           Power      Damage    Failure   Level
 Sublimation of Blood     Necr           0%         N/A       52%         2
 Wereblood                Tmut           0%         N/A       52%         2
 Ignite Poison            Fire/Tmut/Pois 0%         N/A       77%         3
 Inner Flame              Hex/Fire       0%         N/A       77%         3
 Kindle Blastsparks       Fire/Tloc/Air  0%         2d10      77%         3
 Cause Fear               Hex            0%         N/A       99%         4
 Flame Wave               Conj/Fire      0%         2d4       99%         4
 Sticky Flame             Conj/Fire      0%         2d3       99%         4
 Freezing Cloud           Conj/Ice/Air   0%         6-21      100%        5
 Discord                  Hex            0%         N/A       100%        8
 Summon Hydra             Summ           Unusable   N/A       N/A         7

Inventory:

Hand Weapons
 a - a +0 flail
 y - a +0 giant club (weapon)
Missiles
 d - 3 throwing nets (quivered) {=f}
 e - a large rock {=f}
Armour
 c - a +0 hat (worn)
 p - a +0 robe of cold resistance (worn)
 r - a +2 cloak (worn)
Jewellery
 f - a ring of positive energy (right hand)
 q - a +4 ring of protection (left hand)
Wands
 t - a wand of flame (2)
Scrolls
 g - 4 scrolls of identify {@r1}
 i - 2 scrolls of blinking
 j - a scroll of immolation {unknown}
 m - a scroll of amnesia {unknown}
 n - a scroll of enchant armour {unknown}
 u - a scroll of teleportation {unknown}
 w - a scroll of fog {unknown}
 x - a scroll of silence {unknown}
 D - a scroll of enchant weapon {unknown}
 F - a scroll of acquirement {unknown}
Potions
 h - 2 potions of might {unknown}
 o - a potion of brilliance {unknown}
 s - 2 potions of degeneration {unknown}
 v - a potion of lignification {unknown}
 z - a potion of ambrosia {unknown}
 A - 2 potions of haste {unknown}
 B - a potion of flight
 C - 2 potions of invisibility {unknown}
 E - a potion of magic {unknown}

Dungeon Overview and Level Annotations

Branches:
Dungeon (7/15)             Temple (1/1) D:4

Altars:
Ashenzari
Cheibriados
Hepliaklqana
Kikubaaqudgha
Makhleb
Nemelex Xobeh
Okawaru
Ru
Sif Muna
Trog
Vehumet
Wu Jian
Yredelemnul
Zin

Shops:
D:1

* ▒.▒▒..▒▒▒▒.....▒
▒.▒.▒ ▒..▒..)))......▒
▒.▒.▒ ▒..▒...▒▒▒.....▒
▒.▒.▒
▒......▒▒▒▒▒▒▒.▒▒▒.▒.▒▒
▒.▒.............†......
▒.▒▒...▒▒▒▒▒▒▒.▒▒▒.▒.▒.
▒...▒ ▒.▒......< ▒...▒
▒.▒....... . ▒).O▒
▒.▒....... ... ▒.y.▒▒▒
▒.▒.......
▒....▒▒▒▒K....▒
▒.▒▒▒.....
▒..KK.K......▒ ▒.▒
▒..... .....K▒▒▒▒....▒
..▒(.. ..... ▒....▒
.▒▒▒... .▒.. ▒....▒ ▒..
▒....▒ .. ▒....▒


You could see a hornet (weak-willed), a kobold brigand (weak-willed) and a
kobold.


Message History

It was a potion of flight.
You feel very buoyant.
You fly up into the air.
The hornet closely misses you. The hornet closely misses you.
The hornet stings you.
* * * LOW HITPOINT WARNING * * *
You are poisoned.
You feel as though you will be slow longer.
As you read the scroll labelled JOLEREUPHU, it crumbles to dust.
It is a scroll of identify.
i - 3 scrolls of blinking You feel very sick.
The hornet stings you but does no damage.
The hornet misses you.
Blink to where?
As you read the scroll of blinking, it crumbles to dust.
You feel sick.
As you read the scroll labelled EPSEIZ REORU, it crumbles to dust.
Magic quickly surges around you.
It was a scroll of vulnerability.
You feel sick. The hornet stings you.
* * * LOW HITPOINT WARNING * * *
You are lethally poisoned!
You suddenly lose the ability to move!
* * * LOW HITPOINT WARNING * * *
You feel very sick. The hornet stings you.
You die...

Action                     |  1- 3 |  4- 6 |  7- 9 || total
---------------------------+-------+-------+-------++-------
  Melee: Flail             |   129 |   219 |       ||   348
         Punch             |     2 |     5 |       ||     7
         Giant club        |       |       |   185 ||   185
    Use: Scroll            |       |       |     3 ||     3
         Potion            |       |       |     3 ||     3
   Stab: Sleeping          |     1 |       |       ||     1
 Armour: Robe              |    71 |   147 |    81 ||   299
  Dodge: Dodged            |    88 |   161 |    97 ||   346

Levels and vault maps discovered:
D:1:      minmay_arrival_widening_spiral_wide, layout_loops_ring, serial_shops,
          shop_coins, minmay_misc_feat_nine_boxes, minmay_hexomino_c4
D:2:      layout_basic, serial_corexii_hall, chequers_hall_statues_wall_a,
          corexii_hall_statues_i, basic_altar, kennysheep_potato, uniq_natasha
D:3:      layout_basic, nicolae_ru_great_annihilating_truth,
          nicolae_wu_jian_wuxing_cycle
D:4:      layout_loops_ring, evilmike_ruin_ashenzari, temple_fountains
D:5:      layout_loops_ring, minmay_splitting_lines
D:6:      layout_basic, okawaru_trees_1, amcnicky_altar_gilded, serial_rivers,
          chequers_serial_rivers_micro_e, chequers_serial_rivers_large_b,
          chequers_serial_rivers_small_3, chequers_serial_rivers_micro_c,
          skrybe_limestone_x, uniq_pikel
D:7:      wad_river_or_something, layout_basic, gammafunk_temple_overflow_statue
Temple:   chequers_temple_sunken

Notes
Turn   | Place    | Note
-------+----------+-------------------------------------------
     0 | D:1      | sanka the Ogre Gladiator began the quest for the Orb.
     0 | D:1      | Reached XP level 1. HP: 22/22 MP: 1/1
    85 | D:1      | Reached skill level 3 in Fighting
   165 | D:1      | Reached skill level 3 in Maces & Flails
   169 | D:1      | Reached XP level 2. HP: 30/31 MP: 2/2
   341 | D:1      | Found Tukyteom's Assorted Antiques.
   436 | D:1      | Reached XP level 3. HP: 30/37 MP: 3/3
   941 | D:2      | Reached skill level 4 in Maces & Flails
  1154 | D:2      | Reached XP level 4. HP: 35/45 MP: 4/4
  1317 | D:2      | Found a bloodstained altar of Trog.
  1404 | D:2      | Noticed Natasha
  1411 | D:2      | Killed Natasha
  2161 | D:2      | Noticed Natasha
  2174 | D:2      | Killed Natasha
  2175 | D:2      | Reached skill level 5 in Maces & Flails
  2175 | D:2      | Reached XP level 5. HP: 40/53 MP: 5/5
  2318 | D:2      | Found a bloodstained altar of Trog.
  2326 | D:2      | Noticed Natasha
  2337 | D:2      | Killed Natasha
  3032 | D:3      | Found a sacrificial altar of Ru.
  3044 | D:3      | Reached XP level 6. HP: 57/61 MP: 6/6
  3302 | D:3      | Reached skill level 6 in Maces & Flails
  3472 | D:3      | Found an ornate altar of the Wu Jian Council.
  4063 | D:4      | Found a broken altar of Ashenzari.
  4087 | D:4      | Reached skill level 7 in Maces & Flails
  4087 | D:4      | Reached XP level 7. HP: 25/67 MP: 7/7
  4390 | D:4      | Found a staircase to the Ecumenical Temple.
  4461 | Temple   | Entered the Ecumenical Temple
  4871 | D:5      | Entered Level 5 of the Dungeon
  5149 | D:5      | Reached skill level 8 in Maces & Flails
  5713 | D:6      | Noticed Pikel
  5720 | D:6      | Killed Pikel
  5721 | D:6      | Reached skill level 9 in Maces & Flails
  5721 | D:6      | Reached XP level 8. HP: 58/75 MP: 8/8
  5861 | D:6      | Reached skill level 10 in Maces & Flails
  5917 | D:6      | Found a radiant altar of Vehumet.
  6361 | D:6      | Found an iron altar of Okawaru.
  6508 | D:6      | Became a worshipper of Warmaster Okawaru
  6535 | D:7      | Reached XP level 9. HP: 79/81 MP: 9/9
  6662 | D:7      | Reached skill level 11 in Maces & Flails
  6800 | D:7      | Noticed a hornet
  6804 | D:7      | Paralysed by a hornet for 3 turns
  6809 | D:7      | HP: 7/79 [hornet (10)]
  6815 | D:7      | Paralysed by a hornet for 3 turns
  6816 | D:7      | HP: 4/79 [poisoned by a hornet]
  6816 | D:7      | Slain by a hornet

Vanquished Creatures
  Pikel (D:6)
  A water moccasin (D:5)
  An orc warrior (D:7)
  A sky beast (D:6)
  2 ogres
  5 scorpions
  A wight (D:7)
  2 howler monkeys
  3 hounds
  A jelly (D:7)
  4 iguanas
  2 orc wizards (D:3)
  Natasha (thrice) (D:2)
  3 gnolls (D:4)
  10 adders
  A shadow imp (D:6)
  A white imp (D:6)
  2 ufetubi
  A worm (D:2)
  4 dart slugs
  11 orcs
  5 endoplasms
  5 giant cockroaches
  6 goblins
  4 hobgoblins
  4 quokkas
  13 ball pythons
  10 bats
  5 frilled lizards
  15 kobolds
  9 rats
136 creatures vanquished.
